AoeStats
← Zuwordo!

Lombardia

509264396Analyzed
2v2 RM · 7d ago on Sep 26, 2026· 47m 23s· 4 players
Game mode
Random Map
Map size
Medium (4 player)
Population
200
Speed
Normal
Resources
Standard
Victory
Conquest
Starting age
Dark Age
Ending age
Imperial Age
RankedLock teamsTeams togetherTeam positionsShared explorationLock speedFull tech treeHidden civsTurbo modeCheats
Victory
Defeat
🇨🇱 Bulgarians · Chile
1126
+17
🇨🇱 Khmer · Chile
987
+23
🇦🇷 Gurjaras · Argentina
1146
-20
🇦🇷 Sicilians · Argentina
1146
-20
Zuwordo!
0:42 Loom
11:10 Feudal Age
11:47 Double-Bit Axe
16:12 Castle Age
14:28 Horse Collar
16:15 Stone Mining
20:58 Forging
22:10 Scale Mail Armor
22:42 Squires
25:04 Pikeman
29:53 Chain Mail Armor
30:09 Devotion
32:05 Gambesons
32:06 Arson
33:42 Fletching
35:20 Wheelbarrow
35:04 Bow Saw
34:58 Heavy Plow
35:20 Stirrups
39:34 Iron Casting
39:47 Hand Cart
42:37 Scale Barding Armor
46:01 Imperial Age
48:10 Plate Mail Armor
48:41 Blast Furnace
RedLaig
11:46 Feudal Age
15:46 Castle Age
15:11 Double-Bit Axe
15:08 Horse Collar
19:29 Husbandry
23:17 Wheelbarrow
27:19 Stone Mining
33:07 Light Cavalry
34:15 Bow Saw
34:17 Gold Mining
36:49 Stone Shaft Mining
39:17 Gold Shaft Mining
44:16 Bloodlines
*420.LALO
5:06 Loom
10:26 Feudal Age
21:52 Forging
21:34 Fletching
23:22 Horse Collar
23:29 Double-Bit Axe
24:01 Scale Mail Armor
25:08 Arson
28:45 Town Watch
29:36 Wheelbarrow
34:48 Castle Age
32:48 Gold Mining
33:31 Scale Barding Armor
34:21 Bloodlines
36:56 Chain Barding Armor
37:13 Iron Casting
36:35 Bodkin Arrow
37:14 Bow Saw
38:17 Husbandry
41:34 Town Patrol
*420_Nariel
8:45 Loom
10:30 Feudal Age
15:04 Castle Age
14:14 Gold Mining
14:07 Horse Collar
14:14 Double-Bit Axe
16:05 Scale Barding Armor
19:02 Chain Barding Armor
18:55 Forging
23:56 Sanctity
24:00 Town Watch
29:02 Heavy Plow
30:54 Iron Casting
32:34 Scale Mail Armor
35:27 Bow Saw
38:20 Imperial Age
36:30 Bloodlines
Connection lost

Rejoining the realm…

Still unreachable

The connection could not be restored.

Session expired

The server has moved on; the page needs a fresh start.